 Dungeon Crawl Stone Soup version 0.29-a0-111-gbaf749a769 (webtiles) character file.

Game seed: 351736758269355521

294 cyrus the Covered (level 6, 0/32 HPs)
             Began as a Vine Stalker Fighter on Feb 17, 2022.
             Succumbed to a kobold brigand's poison
             ... in a sewer.
             The game lasted 00:08:47 (3778 turns).

cyrus the Covered (Vine Stalker Fighter)            Turns: 3778, Time: 00:08:48

Health: 0/32       AC: 13    Str: 19    XL:     6   Next: 34%
Magic:  5/7        EV:  5    Int: 10    God:
Gold:   213        SH:  5    Dex: 13    Spells: 5/5 levels left

rFire   . . .      SeeInvis .   c - +0 flail
rCold   . . .      Faith    .   b - +0 buckler
rNeg    . . .      Spirit   +   e - +0 plate armour
rPois   .          Reflect  .   n - +2 hat
rElec   .          Harm     .   (no cloak)
rCorr   .          Rampage  .   (no gloves)
Will    .....                   (no boots)
Stlth   ..........              (no amulet)
HPRegen 0.90/turn               (no ring)
MPRegen 0.10/turn               (no ring)

@: lethally poisoned (0 -> -1), very slow
A: fangs 2, regeneration 1, magic shield, antimagic bite, no potion heal 2
a: no special abilities


You were in a sewer.
You visited 1 branch of the dungeon, and saw 4 of its levels.
You also visited: Sewer.

You collected 213 gold pieces.

Inventory:

Hand Weapons
 c - a +0 flail (weapon)
 f - a +0 whip
Armour
 a - a +0 scale mail
 b - a +0 buckler (worn)
 e - a +0 plate armour (worn)
 n - a +2 hat (worn)
Jewellery
 p - a ring of protection from cold
Wands
 q - a wand of mindburst (12)
 t - a wand of flame (10)
Scrolls
 d - 2 scrolls of teleportation {unknown}
 g - a scroll of acquirement {unknown}
 h - 2 scrolls of fear {unknown}
 i - a scroll of torment {unknown}
 k - 2 scrolls of identify {unknown}
 m - a scroll of blinking {unknown}
 o - a scroll of noise {unknown}
 s - a scroll of enchant armour {unknown}
Potions
 j - a potion of attraction {unknown}
 l - 2 potions of lignification {unknown}
 r - a potion of magic {unknown}
 u - 2 potions of haste {unknown}


   Skills:
 + Level 3.4 Fighting
 + Level 3.0 Maces & Flails
 + Level 3.5 Armour
 + Level 0.1 Dodging
 + Level 0.2 Stealth
 + Level 3.3 Shields
 + Level 2.6 Unarmed Combat
 + Level 0.3 Evocations


You had 5 spell levels left.
You didn't know any spells.
Your spell library contained the following spells:

 Spells                   Type           Power      Damage    Failure   Level
 Freeze                   Ice            0%         1d3       100%        1
 Scorch                   Fire           0%         2d5       100%        2
 Dazzling Flash           Conj/Hex       0%         N/A       100%        3
 Frozen Ramparts          Ice            0%         1d2       100%        3
 Flame Wave               Conj/Fire      0%         2d4       100%        4
 Hailstorm                Conj/Ice       0%         3d3       100%        4
 Iskenderun's Mystic Bla  Conj/Tloc      0%         2d3       100%        4
 Starburst                Conj/Fire      0%         6d3       100%        6
 Summon Cactus Giant      Summ           0%         N/A       100%        6


Dungeon Overview and Level Annotations

Branches:
Dungeon (4/15)              Sewer (1/1)
 Temple: D:4-7

Altars:

Shops:
D:1 [


Innate Abilities, Weirdness & Mutations

You have extremely sharp teeth.
Your natural rate of healing is unusually fast.
When hurt, damage is shared between your health and your magic reserves.
Your bite disrupts and absorbs the magic of your enemies.
Potions cannot restore your health.


Message History

You are more poisoned.
You enter the shallow water.
Moving in this stuff is going to be slow.
You feel extremely sick.
The kobold brigand throws a poisoned dart.
The poisoned dart hits you!
You are more poisoned.
You feel extremely sick.
The kobold brigand hits you but does no damage.
You barely miss the kobold brigand.
* * * LOW HITPOINT WARNING * * *
You feel very sick.
The kobold brigand hits you with a +0 dagger.
Your unstable footing causes you to fumble your attack.
You feel very sick.
The kobold brigand hits you but does no damage.
You hit the kobold brigand but do no damage.
You feel sick. You block the kobold brigand's attack.
The kobold brigand hits you with a +0 dagger.
* * * LOW HITPOINT WARNING * * *
* * * LOW HITPOINT WARNING * * *
You feel very sick.
You feel sick.
You feel sick.
You feel sick.
You feel sick.
You feel sick.
You are no longer poisoned.
The kobold brigand hits you with a +0 dagger.
* * * LOW HITPOINT WARNING * * *
The kobold brigand throws a poisoned dart.
The poisoned dart closely misses you.
The kobold brigand throws a poisoned dart.
The poisoned dart hits you!
You are lethally poisoned!
You enter the shallow water.
Moving in this stuff is going to be slow.
* * * LOW HITPOINT WARNING * * *
You feel very sick.
You die...

P≈≈≈. #≈# ≈..≈≈≈#≈#
.#
..≈≈≈≈#≈#########≈#
.≈.≈≈.#≈#..#≈#≈PP.##
≈≈.≈.≈P....#≈#..P..#
≈≈≈..≈≈..≈≈#≈#≈..P.#
...≈≈.≈...≈#≈#...≈P#
≈.≈##≈#≈≈.K#≈#.≈≈.#
.# #≈##..≈@≈.≈≈.# #≈
#####.....## #≈
##...≈≈## #.≈...≈#
#######...#
≈≈≈≈≈≈≈.†.#
#######...#
###P..†.....#
##.....∩∩...##


You could see a kobold brigand.

Vanquished Creatures
  The ghost of enile the Poker, an amateur GnWn of Zin (D:3)
  Ijyb (D:3)
  Robin (D:3)
  4 gnolls (D:2)
  4 adders
  2 river rats (Sewer)
  A worm (D:3)
  A dart slug (D:2)
  2 orcs
  8 bats
  5 endoplasms
  2 giant cockroaches
  10 goblins
  8 hobgoblins
  3 jackals
  3 quokkas
  9 ball pythons
  4 frilled lizards
  7 kobolds
  9 rats
85 creatures vanquished.

Vanquished Creatures (others)
  2 plants (Sewer)
2 creatures vanquished.

Grand Total: 87 creatures vanquished

Notes
Turn   | Place    | Note
-------+----------+-------------------------------------------
     0 | D:1      | cyrus the Vine Stalker Fighter began the quest for the Orb.
     0 | D:1      | Reached XP level 1. HP: 11/11 MP: 2/2
   215 | D:1      | Reached XP level 2. HP: 16/16 MP: 3/3
   666 | D:1      | Found Okkemu's Armour Emporium.
  1147 | D:2      | Reached XP level 3. HP: 19/19 MP: 4/4
  1225 | D:2      | Reached skill level 1 in Maces & Flails
  1226 | D:2      | Gained mutation: Your natural rate of healing is unusually
                  | fast. [Vine Stalker growth]
  1226 | D:2      | Reached XP level 4. HP: 10/24 MP: 3/5
  2034 | D:3      | Reached XP level 5. HP: 28/28 MP: 6/6
  2202 | D:3      | Noticed Robin
  2221 | D:3      | Killed Robin
  2380 | D:3      | Found a runed translucent door.
  2380 | D:3      | Noticed enile's ghost (amateur GnWn)
  2412 | D:3      | Noticed Ijyb
  2432 | D:3      | Killed Ijyb
  3073 | D:3      | Killed enile's ghost
  3074 | D:3      | Reached XP level 6. HP: 32/32 MP: 3/7
  3571 | D:4      | Found a glowing drain.
  3584 | Sewer    | Entered a sewer
  3774 | Sewer    | HP: 1/32 [kobold brigand (1)]
  3778 | Sewer    | Succumbed to a kobold brigand's poison

Illustrated notes

Levels and vault maps discovered:
D:1:      minmay_arrival_semitransparent, layout_loops_corners, serial_shops,
          nicolae_shop_waterfront
D:2:      layout_loops_corners
D:3:      layout_loops_ring, gammafunk_ghost_grave, minmay_joined_circles,
          uniq_natasha, uniq_robin, uniq_ijyb
D:4:      layout_loops_ring, cheibrodos_sewer_entry_drain,
          kennysheep_generic_room_9
Sewer:    sewer_co_scattered_pipes

Skill      XL: |  1  2  3  4  5  6 |
---------------+-------------------+-----
Shields        | 3 |  3.3
Maces & Flails | 1 2 3 |  3.0
Fighting       | 3 |  3.4
Armour         | 3 |  3.5
Dodging        | |  0.1
Stealth        | |  0.2
Unarmed Combat | |  2.6
Evocations     | |  0.3

Action                   |  1- 3 |  4- 6 || total
-------------------------+-------+-------++-------
Melee: Unarmed           |    19 |       ||    19
       Bite              |    17 |    43 ||    60
       Whip              |    55 |     2 ||    57
       Flail             |       |   146 ||   146
Evoke: Wand              |       |     3 ||     3
  Use: Potion            |     1 |       ||     1
Armor: Plate armour      |    42 |   129 ||   171
Dodge: Dodged            |    16 |    48 ||    64
Block: Buckler           |    14 |    38 ||    52

Table legend: (Time is in decaauts)
 A = Elapsed time spent in this place.
 B = Non-inter-level travel time spent in this place.
 C = Inter-level travel time spent in this place.
 D = Time resting spent in this place.
 E = Time spent auto-exploring this place.
 F = Levels seen in this place.
 G = Mean time per level.
                   A        B        C        D        E       F      G
               +--------+--------+--------+--------+--------+-----+--------+
         Total |   3842 |   3723 |    119 |    546 |   2222 |   5 |  768.4 |
       Dungeon |   3634 |   3515 |    119 |    443 |   2184 |   4 |  908.5 |
         Sewer |    208 |    208 |      0 |    103 |     38 |   1 |  208.0 |
               +--------+--------+--------+--------+--------+-----+--------+

Top non-repeatable levels by time:
     D:3: 1537 daAuts
     D:1: 1053 daAuts
     D:2: 932 daAuts
   Sewer: 208 daAuts
     D:4: 111 daAuts
